 Dungeon Crawl Stone Soup version 0.17.0-28-g6e173f8 (webtiles) character file.

719 M4edhros the Sneak (level 7, -4/43 HPs)
             Began as an Octopode Artificer on Nov 29, 2015.
             Slain by Prince Ribbit (18 damage)
             ... on level 5 of the Dungeon.
             The game lasted 00:05:01 (2826 turns).

M4edhros the Sneak (Octopode Artificer)             Turns: 2826, Time: 00:05:02

Health: -4/43      AC:  1    Str: 13    XL:     7   Next: 70%
Magic:  11/11      EV: 12    Int: 16    God:
Gold:   92         SH:  0    Dex:  8    Spells: 0 memorised, 6 levels left

rFire  . . .     SeeInvis .     a - +0 short sword
rCold  . . .     Clarity  .     (no shield)
rNeg   . . .     SustAt   .     (helmet restricted)
rPois  .         Gourm    .     (no amulet)
rElec  .         Spirit   .     n - -5 ring of dexterity (curse)
rCorr  .         Warding  .     o - +3 ring of strength
rMut   .         Stasis   .     (no ring)
MR     .....                    (no ring)
Stlth  +++++.....               (no ring)
                                (no ring)
                                (no ring)
                                (no ring)

@: not resistant to hostile enchantments, quite stealthy
A: almost no armour, amphibious, 8 rings, constrict 8, camouflage 1, gelatinous
body 1
a: no special abilities


You were on level 5 of the Dungeon.
You were hungry.

You visited 1 branch of the dungeon, and saw 6 of its levels.

You collected 92 gold pieces.

Inventory:

Hand Weapons
 a - a +0 short sword (weapon)
 k - a +0 hunting sling
Missiles
 i - 54 stones (quivered)
Jewellery
 n - a cursed -5 ring of dexterity (left tentacle)
 o - a +3 ring of strength (right tentacle)
Wands
 b - a wand of flame (0)
 c - a wand of enslavement (11)
 d - a wand of random effects (6)
Scrolls
 f - 4 scrolls of identify
 h - 2 scrolls of recharging
 l - 2 scrolls of fear {unknown}
 p - a scroll of amnesia {unknown}
Potions
 g - a potion of brilliance
Comestibles
 e - 3 bread rations
 j - 3 meat rations
 m - 5 fruits


   Skills:
 - Level 1.0 Fighting
 - Level 1.0 Short Blades
 + Level 3.9 Slings
 - Level 2.0 Dodging
 + Level 7.0 Stealth
 + Level 6.5 Evocations


You had 6 spell levels left.
You didn't know any spells.

Dungeon Overview and Level Annotations

Branches:
Dungeon (6/15)
 Temple: D:4-7

Altars:

Annotations:
D:5 Prince Ribbit


Innate Abilities, Weirdness & Mutations

You cannot wear most types of armour.
You are amphibious.
You can wear up to eight rings at the same time.
You can use your tentacles to constrict eight enemies at once.
Your skin changes colour to match your surroundings (Stealth).
Your rubbery body absorbs attacks (AC +1).


Message History

The centaur skeleton closely misses you.
You hit the centaur skeleton. You squeeze the centaur skeleton!
The centaur skeleton hits you. The centaur skeleton misses you.
You hit the centaur skeleton.
You destroy the centaur skeleton!
Your Stealth skill increases to level 7!
No target in view!
No target in view!
No target in view!
A phantom comes into view.
Found a green potion.
A phantom is nearby!
A phantom is nearby!
You start resting.
Prince Ribbit blinks!
You completely miss Prince Ribbit. Your grab misses Prince Ribbit.
Prince Ribbit hits you! Prince Ribbit hits you.
Prince Ribbit barely misses you. Prince Ribbit hits you!!
You die...

# ### .## ...# ####
...# ... ..##...W.# ##
#.# #..%.....#
#.#####.####.# ..#
.............# ...# #.
##.....##.###....# # #.
#.....@F........#
#.#.###...>.##.##.....#
#.....)........# .##.##
####.##.####.### .# #
#.##.# #.####.# #.##..
.......##
###.##.####.#.#... ###
#......# ##..#...# ..#
#.###..###...##..###


You could see Prince Ribbit.

Vanquished Creatures
  Sigmund (D:3)
  2 ogres (D:5)
  A centaur (D:5)
  Blork the orc (D:5)
  2 crimson imps (D:5)
  The ghost of M4edhros the Charlatan, a weakling OpAr (D:5)
  A centaur skeleton (D:5)
  A giant frog skeleton (D:5)
  An orc wizard (D:5)
  4 adders
  A shadow imp (D:5)
  An ooze (D:1)
  An adder skeleton (D:4)
  A worm (D:3)
  6 orcs
  4 giant cockroaches
  4 hobgoblins
  5 kobolds
  A bat (D:2)
  A giant gecko skeleton (D:4)
  3 giant newts
  3 goblins
  2 rats (D:2)
48 creatures vanquished.

Vanquished Creatures (collateral kills)
  An adder skeleton (D:5)
  A hobgoblin (D:2)
2 creatures vanquished.

Vanquished Creatures (others)
  An adder (D:3)
1 creature vanquished.

Grand Total: 51 creatures vanquished

Notes
Turn   | Place    | Note
--------------------------------------------------------------
     0 | D:1      | M4edhros the Octopode Artificer began the quest for the Orb.
     0 | D:1      | Reached XP level 1. HP: 13/13 MP: 3/3
    97 | D:1      | Reached XP level 2. HP: 13/18 MP: 4/4
   577 | D:2      | Reached skill level 4 in Evocations
   577 | D:2      | Reached XP level 3. HP: 14/23 MP: 4/6
  1033 | D:3      | Noticed Sigmund
  1065 | D:3      | Killed Sigmund
  1065 | D:3      | Reached skill level 5 in Evocations
  1065 | D:3      | Reached XP level 4. HP: 9/28 MP: 7/7
  1065 | D:3      | Reached XP level 5. HP: 10/33 MP: 8/8
  1526 | D:5      | Entered Level 5 of the Dungeon
  1577 | D:5      | Noticed an ogre
  1591 | D:5      | Killed an ogre
  1591 | D:5      | Reached skill level 5 in Stealth
  1591 | D:5      | Reached XP level 6. HP: 26/38 MP: 8/10
  1871 | D:5      | Noticed an ogre
  1892 | D:5      | Killed an ogre
  1964 | D:5      | Reached skill level 6 in Stealth
  1964 | D:5      | Reached XP level 7. HP: 22/43 MP: 11/11
  2062 | D:5      | Noticed M4edhros's ghost (weakling OpAr)
  2074 | D:5      | Noticed Prince Ribbit
  2166 | D:5      | Killed M4edhros's ghost
  2209 | D:5      | Noticed Blork the orc
  2213 | D:5      | Killed Blork the orc
  2725 | D:5      | Reached skill level 7 in Stealth
  2731 | D:5      | Noticed a phantom
  2826 | D:5      | Slain by Prince Ribbit

Action                   |  1- 3 |  4- 6 |  7- 9 || total
-------------------------+-------+-------+-------++-------
Melee: Short sword       |    33 |       |    23 ||    56
       Hunting sling     |     6 |    19 |    12 ||    37
 Fire: Hunting sling     |    32 |    66 |     5 ||   103
Evoke: Wand              |    14 |     4 |    10 ||    28
  Use: Potion            |     2 |       |     1 ||     3
       Scroll            |       |     3 |       ||     3
 Stab: Sleeping          |     3 |       |       ||     3
       Paralysed         |       |       |     5 ||     5
  Eat: Chunk             |       |     3 |     2 ||     5
